 Dungeon Crawl Stone Soup version 0.31-a0-620-gd1cbd99268 (webtiles) character file.

Game seed: 17525175939448112975

64035 Twinkles the Slayer (level 14, -9/157 HPs)
             Began as a Minotaur Berserker on Aug 23, 2023.
             Was a High Priest of Trog.
             Mangled by an orc knight
             ... wielding a +0 glaive
              (27 damage)
             ... on level 2 of the Orcish Mines.
             The game lasted 00:30:39 (19800 turns).

Twinkles the Slayer (Minotaur Berserker)           Turns: 19800, Time: 00:30:40

Health: -9/157     AC: 14    Str: 35    XL:     14   Next: 70%
Magic:  13/13      EV: 17    Int:  4    God:    Trog [*****.]
Gold:   1909       SH:  0    Dex:  8    Spells: 13/13 levels left

rFire   . . .        a - +10 battleaxe
rCold   + + .        (shield currently unavailable)
rNeg    . . .        o - +3 ring mail of the Ant {Rampage rC++ Will+ Str+3}
rPois   .            (helmet restricted)
rElec   +            (no cloak)
rCorr   .            g - +2 pair of gloves {hurl}
SInv    .            v - +0 pair of boots
Will    ++++.        (no amulet)
Stlth   +            e - ring "Duotziz" {+Blink rElec EV+5 Dex-3 Stlth+}
HPRegen 1.46/turn    T - +6 ring of strength
MPRegen 0.13/turn

%: rampage
@: mighty, strong-willed, on berserk cooldown, regenerating, slowed, very slow
A: horns 2, retaliatory headbutt
a: Renounce Religion, Evoke Blink, Berserk, Trog's Hand, Brothers in Arms


You were on level 2 of the Orcish Mines.
You worshipped Trog.
Trog was extremely pleased with you.
You visited 3 branches of the dungeon, and saw 20 of its levels.
You also visited: Ossuary.

You collected 1909 gold pieces.

Inventory:

Hand Weapons
 a - a +10 battleaxe (weapon)
 b - a +3 heavy dire flail
 P - a +3 antimagic battleaxe
Missiles
 w - 4 throwing nets
 E - 6 curare-tipped darts
 O - 19 poisoned darts
Armour
 g - a +2 pair of gloves of hurling (worn)
 o - the +3 ring mail of the Ant (worn) {Rampage rC++ Will+ Str+3}
   (You found it on level 2 of the Dungeon)

   Str+3:     It affects your strength (+3).
   rC++:      It greatly protects you from cold.
   Will+:     It increases your willpower.
   Rampage:   It bestows one free step when moving towards enemies.
 v - a +0 pair of boots (worn)
 x - a +0 kite shield of protection
Jewellery
 e - the ring "Duotziz" (left hand) {+Blink rElec EV+5 Dex-3 Stlth+}
   (You found it on level 12 of the Dungeon)

   [ring of evasion]

   EV+5:      It affects your evasion (+5).
   Dex-3:     It affects your dexterity (-3).
   rElec:     It insulates you from electricity.
   +Blink:    It lets you blink.
   Stlth+:    It makes you more stealthy.
 m - a +4 ring of slaying
 r - a ring of resist corrosion
 A - a ring of protection from fire
 T - a +6 ring of strength (right hand)
 W - a ring of flight
Wands
 h - a wand of acid (16)
 i - a wand of iceblast (7)
 j - a wand of polymorph (6)
 p - a wand of paralysis (10)
 q - a wand of flame (40)
 y - a wand of mindburst (2)
Scrolls
 c - 5 scrolls of enchant weapon
 d - a scroll of torment {unknown}
 f - 2 scrolls of enchant armour {unknown}
 k - 2 scrolls of vulnerability {unknown}
 n - 4 scrolls of poison {unknown}
 u - 2 scrolls of fog {unknown}
 z - a scroll of silence {unknown}
 B - 2 scrolls of fear {unknown}
 D - 4 scrolls of revelation {unknown}
 I - a scroll of brand weapon {unknown}
 K - 5 scrolls of immolation
 L - a scroll of noise {unknown}
 R - 3 scrolls of blinking {unknown}
 S - a scroll of acquirement {unknown}
 V - a scroll of amnesia {unknown}
 X - a scroll of butterflies {unknown}
 Y - 8 scrolls of teleportation
 Z - 3 scrolls of identify
Potions
 l - 3 potions of attraction {unknown}
 t - 2 potions of berserk rage {unknown}
 C - a potion of cancellation
 F - a potion of ambrosia {unknown}
 G - 2 potions of enlightenment
 H - 5 potions of haste
 J - 8 potions of curing
 M - 3 potions of might
 N - 5 potions of heal wounds
 Q - 2 potions of magic
 U - 3 potions of mutation
Miscellaneous
 s - a tin of tremorstones (2/2)


   Skills:
 + Level 23.6 Fighting
 - Level 16.0 Axes
 + Level 6.5 Armour
 + Level 6.0 Dodging
 - Level 6.0 Shields
 + Level 4.3 Evocations


You had 13 spell levels left.
You didn't know any spells.
Your spell library was empty.

Dungeon Overview and Level Annotations

Branches:
Dungeon (13/15) Zot: 26778  Temple (0/1) D:5            Lair (5/5) D:10 Zot: 23733
  Swamp (0/4) Lair:2       Spider (0/4) Lair:3        Slime (0/5) Lair:5
    Orc (2/2) D:9 Zot: 10897     Elf (0/3) Orc:2       Ossuary (visited)
 Vaults: D:13-14

Altars:
Gozag
Hepliaklqana
Makhleb
Nemelex Xobeh
Trog
Uskayaw
Xom
Jiyva

Shops:
D:10 *

Annotations:
D:4 3 exclusions
D:6 4 runed translucent doors


Innate Abilities, Weirdness & Mutations

You have a pair of horns on your head.
You reflexively headbutt those who attack you in melee.


Message History

You feel a strong urge to attack something.
You are no longer berserk.
You are exhausted.
You feel yourself slow down.
The orc knight unwields a +0 arbalest.
The orc knight wields a +0 glaive.
The orc knight hits you with a +0 glaive!!
You miss the orc knight. The orc knight misses you. You furiously retaliate!
You headbutt the orc knight! You slash the orc knight!
Your headbutt misses the orc knight.
The orc knight is moderately wounded.
The orc knight hits you with a +0 glaive!!!
* * * LOW HITPOINT WARNING * * *
The orc knight barely misses you. You furiously retaliate!
You headbutt the orc knight.
You hear a shout! x2
Your skin crawls.
You feel strong-willed. The orc knight completely misses you.
You feel much better.
An orc warrior comes into view. It is wielding a +0 mace.
An orc warrior comes into view. It is wielding a +0 orcbow.
The orc knight hits you with a +0 glaive!!
* * * LOW HITPOINT WARNING * * *
The orc warrior shoots an arrow.
The arrow completely misses you.
The orc knight roars a battlecry!
The orc warriors go into a battle-frenzy!
You feel very mighty all of a sudden. The orc knight barely misses you.
You slash the orc knight!
The orc knight is heavily wounded.
The orc warrior shoots an arrow.
The arrow closely misses you. The orc knight barely misses you.
You furiously retaliate!
You headbutt the orc knight!
The orc warrior shoots an arrow.
The arrow closely misses you.
You barely miss the orc knight. Your headbutt misses the orc knight.
The orc knight is severely wounded.
The orc knight hits you with a +0 glaive!!
* * * LOW HITPOINT WARNING * * *
The orc knight hits you with a +0 glaive!!
You die...

..##..##..##
≈..........##..
≈≈..........#....#
≈≈≈≈.o...........#
#≈≈≈≈......#....#
###≈≈≈≈.....#....#
.................
......o@.........
###≈≈≈≈...).#.. . ≈≈##
###≈≈≈≈...)..#.... ≈≈≈≈
##≈≈≈≈.....))....... ..≈≈≈
#≈≈≈..........#..... ...≈≈
#≈≈.o........##...#.
##...###...##.)##..##......
.............).............
.....oo................. .


You could see an orc knight (strong) and 2 orc warriors.

Vanquished Creatures
  Gastronok (Lair:1)
  An eleionoma (Lair:2)
  Erolcha (D:11)
  2 centaur warriors
  3 hydras
  Harold (D:9)
  A rakshasa (D:12)
  2 catoblepae
  2 boulder beetles (D:12)
  3 two-headed ogres
  A deep troll shaman (Lair:5)
  8 death yaks
  An orc high priest (Orc:1)
  2 skysharks
  Lodul (D:12)
  A lindwurm (Lair:5)
  2 orc knights
  Pikel (D:9)
  A deep elf pyromancer (D:12)
  An ugly thing (D:12)
  3 cyclopes
  15 elephants
  7 black mambas
  Joseph (D:9)
  2 torpor snails (Lair:5)
  2 gargoyles
  4 cane toads
  2 unseen horrors (D:12)
  2 rime drakes (Lair:4)
  8 komodo dragons
  4 trolls
  3 polar bears
  15 blink frogs
  8 dream sheep
  Prince Ribbit (Lair:2)
  Sigmund (D:2)
  8 slime creatures (D:12)
  A shadow (D:12)
  2 vampires
  49 yaks
  2 wraiths
  5 wyverns
  A basilisk (Lair:2)
  4 vampire mosquitoes
  Grum (D:8)
  A steam dragon (D:8)
  4 wargs
  13 water moccasins
  A black bear (D:5)
  3 sky beasts
  An ice beast (D:5)
  30 orc warriors
  12 ogres
  11 centaurs
  10 wolves
  A lemure (D:9)
  2 phantoms (D:5)
  2 kobold brigands (D:6)
  An elf zombie (Ossuary)
  10 bullfrogs
  2 gnoll sergeants
  4 scorpions
  3 wights (D:9)
  15 killer bees
  3 electric eels
  7 howler monkeys
  3 centaur zombies (Ossuary)
  2 human zombies (Ossuary)
  4 hounds
  3 jellies
  16 orc priests
  A sleepcap (D:5)
  Jessica (D:2)
  4 iguanas
  14 orc wizards
  2 mummies (Ossuary)
  14 gnolls
  20 adders
  2 white imps
  An ufetubus (D:5)
  An adder zombie (Ossuary)
  88 orcs
  10 bats
  8 endoplasms
  3 giant cockroaches
  5 goblins
  6 hobgoblins
  4 jackals (D:3)
  19 kobolds
  3 quokkas
  9 ball pythons
  4 frilled lizards
  9 hobgoblin zombies (Ossuary)
  2 jackal zombies (Ossuary)
  11 kobold zombies (Ossuary)
  8 orc zombies (Ossuary)
  4 rats
604 creatures vanquished.

Vanquished Creatures (others)
  A centaur (Orc:2)
  An orc wizard (D:9)
2 creatures vanquished.

Grand Total: 606 creatures vanquished

Notes
Turn   | Place    | Note
-------+----------+-------------------------------------------
     0 | D:1      | Twinkles the Minotaur Berserker began the quest for the
                  | Orb.
     0 | D:1      | Reached XP level 1. HP: 19/19 MP: 0/0
   183 | D:1      | Reached XP level 2. HP: 24/27 MP: 1/1
   314 | D:1      | Reached skill level 4 in Fighting
   372 | D:1      | Reached ** piety under Trog
   793 | D:2      | Reached XP level 3. HP: 25/33 MP: 2/2
   890 | D:2      | Noticed Jessica
   896 | D:2      | Reached XP level 4. HP: 39/41 MP: 3/3
   901 | D:2      | Killed Jessica
   970 | D:2      | Reached skill level 5 in Fighting
  1020 | D:2      | Reached skill level 5 in Axes
  1100 | D:2      | Noticed Sigmund
  1109 | D:2      | Killed Sigmund
  1110 | D:2      | Reached skill level 6 in Fighting
  1110 | D:2      | Reached XP level 5. HP: 50/50 MP: 4/4
  1110 | D:2      | Reached XP level 6. HP: 57/57 MP: 5/5
  1166 | D:2      | Found a faded altar of an unknown god.
  1231 | D:2      | Identified the +3 ring mail of the Ant {Rampage rC++ Will+
                  | Str+3}
  1340 | D:3      | Found a sparkling altar of Nemelex Xobeh.
  1719 | D:3      | Identified the +0 leather armour "Hontegg" {rPois Regen+
                  | MP+9}
  1911 | D:3      | Reached *** piety under Trog
  2278 | D:3      | Found a bloodstained altar of Trog.
  2448 | D:4      | Reached skill level 7 in Fighting
  2449 | D:4      | Reached XP level 7. HP: 64/66 MP: 6/6
  2562 | D:4      | Found a sand-covered staircase.
  2571 | Ossuary  | Entered an ossuary
  2714 | Ossuary  | Reached **** piety under Trog
  2732 | Ossuary  | Reached skill level 8 in Fighting
  3696 | D:5      | Entered Level 5 of the Dungeon
  3712 | D:5      | Reached XP level 8. HP: 74/75 MP: 7/7
  3756 | D:5      | Reached skill level 9 in Fighting
  4042 | D:5      | Reached skill level 10 in Fighting
  4042 | D:5      | Reached skill level 10 in Axes
  4211 | D:5      | Found a staircase to the Ecumenical Temple.
  4585 | D:6      | Reached ***** piety under Trog
  4643 | D:6      | Reached XP level 9. HP: 85/86 MP: 8/8
  4686 | D:6      | Found a large runed translucent door.
  4686 | D:6      | Found a large runed translucent door.
  4694 | D:6      | Noticed a manticore
  4897 | D:6      | Reached skill level 11 in Fighting
  4984 | D:6      | Found a large runed translucent door.
  4984 | D:6      | Found a large runed translucent door.
  5039 | D:6      | Noticed a troll
  5041 | D:6      | Killed a troll
  5149 | D:6      | Identified the scarf of Evolution {shadows, Regen+ Stlth+}
  5263 | D:6      | Noticed a cyclops
  5269 | D:6      | Killed a cyclops
  5270 | D:6      | Reached skill level 12 in Fighting
  5333 | D:6      | Identified the +0 ring mail of Zubroff {rPois rF+}
  5741 | D:7      | Reached skill level 1 in Shields
  6178 | D:7      | Reached XP level 10. HP: 98/99 MP: 9/9
  6432 | D:8      | Noticed Grum
  6437 | D:8      | HP: 27/99 [Grum/+1 spear (18)]
  6590 | D:8      | Killed Grum
  6801 | D:8      | Found a hazy altar of Hepliaklqana.
  7175 | D:9      | Reached skill level 13 in Fighting
  7549 | D:9      | Received a gift from Trog
  7555 | D:9      | Reached skill level 5 in Shields
  7662 | D:9      | Noticed Pikel
  7667 | D:9      | Killed Pikel
  7868 | D:9      | Noticed Joseph
  7875 | D:9      | HP: 26/101 [orc priest/divine providence (12)]
  8058 | D:9      | Killed Joseph
  8378 | D:9      | Noticed Harold
  8382 | D:9      | Killed Harold
  8383 | D:9      | Reached skill level 14 in Fighting
  8383 | D:9      | Reached XP level 11. HP: 110/110 MP: 10/10
  8541 | D:9      | Found a staircase to the Orcish Mines.
  8591 | D:10     | Entered Level 10 of the Dungeon
  8864 | D:10     | Found a staircase to the Lair.
  9185 | D:10     | Found Rywuah's Gadget Gallery.
  9228 | D:10     | Noticed a centaur warrior
  9234 | D:10     | Killed a centaur warrior
  9378 | D:10     | Noticed a +0 falchion
  9384 | D:10     | Found a hide-covered altar of Uskayaw.
  9384 | D:10     | Noticed a +0 spear
  9384 | D:10     | Noticed a +0 spear
  9384 | D:10     | Noticed a +0 dagger
  9385 | D:10     | Noticed a +0 falchion
  9391 | D:10     | Noticed a +0 short sword
  9391 | D:10     | Noticed a +0 dagger
  9393 | D:10     | Noticed a +0 short sword
  9397 | D:10     | Reached skill level 15 in Axes
  9399 | D:10     | Reached skill level 15 in Fighting
  9654 | D:11     | Identified the +5 falchion of a bailey {venom, rF- Will+
                  | Int+6}
  9726 | Lair:1   | Entered Level 1 of the Lair of Beasts
  9729 | Lair:1   | Noticed a catoblepas
  9755 | Lair:1   | Noticed Gastronok
  9978 | Lair:1   | Killed a catoblepas
  9980 | Lair:1   | Killed Gastronok
 10111 | Lair:1   | Identified the +3 quarterstaff "Ycaghos" {flame, Drain
                  | Will+ rCorr SInv}
 10291 | Lair:1   | Reached skill level 16 in Fighting
 10305 | Lair:1   | Noticed a death yak
 10305 | Lair:1   | Noticed a death yak
 10305 | Lair:1   | Noticed a death yak
 10305 | Lair:1   | Noticed a death yak
 10318 | Lair:1   | Killed a death yak
 10319 | Lair:1   | Reached XP level 12. HP: 122/122 MP: 11/11
 10321 | Lair:1   | Killed a death yak
 10322 | Lair:1   | Noticed a death yak
 10322 | Lair:1   | Killed a death yak
 10325 | Lair:1   | Killed a death yak
 10329 | Lair:1   | Killed a death yak
 10330 | Lair:1   | Reached skill level 17 in Fighting
 10836 | Lair:2   | Found a staircase to the Swamp.
 10836 | Lair:2   | Noticed an eleionoma
 10844 | Lair:2   | Killed an eleionoma
 11253 | Lair:2   | Reached skill level 18 in Fighting
 11253 | Lair:2   | Noticed Prince Ribbit
 11260 | Lair:2   | Killed Prince Ribbit
 11274 | Lair:2   | Received a gift from Trog
 12031 | Lair:3   | Reached skill level 19 in Fighting
 12036 | Lair:3   | Noticed a five-headed hydra
 12188 | Lair:3   | Killed a five-headed hydra
 12537 | Lair:3   | Reached XP level 13. HP: 105/139 MP: 12/12
 12539 | Lair:3   | Reached skill level 20 in Fighting
 12730 | Lair:3   | Found a hole to the Spider Nest.
 12761 | Lair:3   | Found an opulent altar of Gozag.
 14008 | Lair:4   | Reached skill level 21 in Fighting
 14166 | Lair:4   | Found a burning altar of Makhleb.
 14369 | Lair:5   | Entered Level 5 of the Lair of Beasts
 14979 | Lair:5   | Identified the +6 hand axe "Viegh" {holy, rC+}
 15274 | Lair:5   | Reached skill level 22 in Fighting
 15493 | Lair:5   | Received a gift from Trog
 15636 | Lair:5   | Found a viscous altar of Jiyva.
 15636 | Lair:5   | Found a staircase to the Slime Pits.
 15894 | Lair:5   | Reached skill level 23 in Fighting
 15916 | Lair:5   | Reached XP level 14. HP: 103/157 MP: 13/13
 16488 | D:11     | Noticed Erolcha
 16496 | D:11     | Killed Erolcha
 16497 | D:11     | Reached skill level 1 in Evocations
 17314 | D:12     | Noticed Lodul
 17322 | D:12     | Killed Lodul
 17914 | D:12     | Reached skill level 5 in Armour
 17947 | D:12     | Identified the ring "Duotziz" {+Blink rElec EV+5 Dex-3
                  | Stlth+}
 18339 | D:12     | Received a gift from Trog
 18346 | D:12     | Reached skill level 5 in Dodging
 18705 | Orc:1    | Entered Level 1 of the Orcish Mines
 18733 | Orc:1    | Found a shimmering altar of Xom.
 18812 | Orc:2    | Entered Level 2 of the Orcish Mines
 19032 | Orc:2    | Found a staircase to the Elven Halls.
 19407 | Orc:1    | HP: 29/157 [two-headed ogre/+0 giant club (21)]
 19788 | Orc:2    | Received a gift from Trog
 19795 | Orc:2    | HP: 36/157 [orc knight/+0 glaive (38)]
 19800 | Orc:2    | HP: 18/157 [orc knight/+0 glaive (28)]
 19800 | Orc:2    | Mangled by an orc knight

Illustrated notes

Levels and vault maps discovered:
D:1:      matt_arrival_refuge, layout_basic
D:2:      layout_rooms, hellmonk_ecumenical_altar_heavens_door, uniq_sigmund,
          uniq_jessica
D:3:      layout_loops_corners, trog_hazing_becter,
          mainiacjoe_overflow_24_doors, minmay_snake_closets
D:4:      layout_cave_pods, enter_ossuary_3, kennysheep_pointless_box
D:5:      layout_loops_cross, minmay_temple_entry_overgrown
D:6:      layout_basic, st_stairs_5, chequers_decorated_corner,
          minmay_hollow_rounded_squares
D:7:      layout_loops_cross, grunt_ministairs_4
D:8:      layout_cave_pools, mainiacjoe_overflow_small_starburst, uniq_grum
D:9:      layout_roguey [special_room_orc], erik_orc_2, uniq_harold, uniq_pikel,
          uniq_joseph
D:10:     layout_gridville, nicolae_uskayaw_en_pointe, dpeg_oklobed_lair,
          nicolae_shop_gadgets
D:11:     layout_long_grid, uniq_erolcha
D:12:     minmay_opposing_rooms, layout_loops_ring, uniq_lodul
D:13:     layout_cave_pools, serial_shops, nicolae_shop_crystal, drop_trap,
          uniq_urug
Lair:1:   layout_misc_corridors, uniq_gastronok
Lair:2:   layout_gridlike, alex1729_swamp_entry_worm_eleionoma,
          minmay_stone_trees_small, uniq_prince_ribbit2
Lair:3:   layout_cave_pods, spider_nest_entry_webs, basic_altar,
          grunt_megastairs_4, lemuel_fruit_tree, infiniplex_staircase_pool,
          lemuel_fruit_fields
Lair:4:   layout_long_grid, basic_altar
Lair:5:   grunt_lair_end_beastmaster, layout_small_grid, slime_entry_1,
          columned_hall_lemuel
Orc:1:    layout_diamond_mine, basic_altar
Orc:2:    st_orc_rangers, layout_caves, maelrawn_ghost_gauntlet_escape,
          mines5_lemuel

Skill      XL: |  1  2  3  4  5  6  7  8  9 10 11 12 13 14 |
---------------+-------------------------------------------+-----
Fighting       | 4 6 7 8 10 12 14 16 19 23 | 23.6
Axes           | 4 6 7 8 10 12 14 16 | 16.0
Shields        | 2 6 |  6.0
Armour         | 6 |  6.5
Dodging        | 6 |  6.0
Evocations     | 4 |  4.3

Action                     |  1- 3 |  4- 6 |  7- 9 | 10-12 | 13-15 || total
---------------------------+-------+-------+-------+-------+-------++-------
  Melee: Hand axe          |     9 |       |    68 |    74 |       ||   151
         Short sword       |    56 |   127 |   199 |       |       ||   382
         Headbutt          |     8 |    20 |    58 |    60 |    76 ||   222
         Punch             |       |       |     5 |       |       ||     5
         Battleaxe         |       |       |       |   230 |   387 ||   617
         Dire flail        |       |       |       |     4 |     2 ||     6
 Invoke: Berserk           |       |     1 |     3 |    10 |    10 ||    24
         Trog's Hand       |       |       |     1 |     2 |     3 ||     6
  Evoke: Wand              |       |       |       |     5 |       ||     5
    Use: Scroll            |       |       |       |     6 |     6 ||    12
         Potion            |       |       |       |       |     2 ||     2
 Armour: Animal skin       |    11 |       |       |       |       ||    11
         Ring mail         |     8 |    59 |   113 |   109 |   126 ||   415
  Dodge: Dodged            |    33 |    66 |   169 |   128 |   290 ||   686
  Block: Kite shield       |       |       |     4 |    42 |       ||    46

Table legend: (Time is in decaauts)
 A = Elapsed time spent in this place.
 B = Non-inter-level travel time spent in this place.
 C = Inter-level travel time spent in this place.
 D = Time resting spent in this place.
 E = Time spent auto-exploring this place.
 F = Levels seen in this place.
 G = Mean time per level.
                   A        B        C        D        E       F      G
               +--------+--------+--------+--------+--------+-----+--------+
         Total |  20001 |  18928 |   1073 |   1545 |  14540 |  21 |  952.4 |
       Dungeon |  12281 |  11487 |    794 |    924 |   8783 |  13 |  944.7 |
          Lair |   6267 |   6017 |    250 |    253 |   5047 |   5 | 1253.4 |
  Orcish Mines |   1100 |   1071 |     29 |    345 |    520 |   2 |  550.0 |
       Ossuary |    351 |    351 |      0 |     21 |    190 |   1 |  351.0 |
               +--------+--------+--------+--------+--------+-----+--------+

Top non-repeatable levels by time:
  Lair:5: 1737 daAuts
    D:10: 1561 daAuts
  Lair:3: 1460 daAuts
    D:12: 1435 daAuts
     D:9: 1324 daAuts
  Lair:4: 1231 daAuts
     D:6: 1171 daAuts
  Lair:2: 1112 daAuts
     D:3: 1067 daAuts
     D:4: 950 daAuts
    D:11: 901 daAuts
     D:5: 884 daAuts
     D:7: 839 daAuts
     D:8: 806 daAuts
     D:1: 784 daAuts
